 Dungeon Crawl Stone Soup version 0.28.0-53-g5a82cb258f (webtiles) character file.

Game seed: 1366434286980479179

14 Kranky the Magician (level 2, -4/29 HPs)
             Began as a Gnoll Wanderer on June 17, 2022.
             Was a Follower of Wu Jian.
             Succumbed to a kobold's poison
             ... on level 1 of the Dungeon.
             The game lasted 00:01:27 (623 turns).

Kranky the Magician (Gnoll Wanderer)                 Turns: 623, Time: 00:01:28

Health: -4/29      AC:  2    Str: 11    XL:     2   Next: 41%
Magic:  10/10      EV: 11    Int: 11    God:    Wu Jian [*.....]
Gold:   24         SH:  0    Dex: 11    Spells: 14/15 levels left

rFire   . . .      SeeInvis .   a - +0 falchion
rCold   . . .      Faith    .   (no shield)
rNeg    . . .      Spirit   .   d - +0 robe
rPois   .          Reflect  .   (no helmet)
rElec   .          Harm     .   (no cloak)
rCorr   .          Rampage  .   (no gloves)
Will    .....                   (no boots)
Stlth   +.........              (no amulet)
HPRegen 0.09/turn               (no ring)
MPRegen 0.12/turn               (no ring)

@: lethally poisoned (-4 -> -29)
A: fangs 1, strong nose, distributed training
a: Renounce Religion


You were on level 1 of the Dungeon.
You worshipped Wu Jian.
Wu Jian was aware of your devotion.
You visited 1 branch of the dungeon, and saw 1 of its levels.

You collected 24 gold pieces.

Inventory:

Hand Weapons
 a - a +0 falchion (weapon)
 c - a +0 dagger
Missiles
 b - 10 poisoned darts (quivered)
Armour
 d - a +0 robe (worn)
Jewellery
 g - a ring of flight
Scrolls
 e - a scroll of vulnerability {unknown}
 f - a scroll of enchant armour {unknown}


   Skills:
 + Level 6.5 Fighting
 + Level 0.4 Short Blades
 + Level 2.5 Long Blades
 + Level 0.4 Axes
 + Level 0.4 Maces & Flails
 + Level 0.4 Polearms
 + Level 0.4 Staves
 + Level 0.4 Slings
 + Level 0.4 Bows
 + Level 0.4 Crossbows
 + Level 2.5 Throwing
 + Level 2.5 Armour
 + Level 0.4 Dodging
 + Level 0.4 Stealth
 + Level 0.4 Shields
 + Level 0.4 Unarmed Combat
 + Level 7.1 Spellcasting
 + Level 0.2 Conjurations
 + Level 0.2 Hexes
 + Level 0.2 Summonings
 + Level 0.2 Necromancy
 + Level 0.2 Translocations
 + Level 0.2 Transmutations
 + Level 0.2 Fire Magic
 + Level 0.2 Ice Magic
 + Level 0.2 Air Magic
 + Level 0.2 Earth Magic
 + Level 0.2 Poison Magic
 + Level 0.5 Invocations
 + Level 0.4 Evocations


You had 14 spell levels left.
You knew the following spells:

 Your Spells              Type           Power      Damage    Failure   Level
a - Magic Dart            Conj           16%        1d3       16%         1

Your spell library contained the following spells:

 Spells                   Type           Power      Damage    Failure   Level
 Passwall                 Tmut/Erth      3%         N/A       24%         2
 Searing Ray              Conj           8%         2d4       24%         2
 Tukima's Dance           Hex            4%         N/A       43%         3


Dungeon Overview and Level Annotations

Branches:
Dungeon (1/15)

Altars:
Wu Jian


Innate Abilities, Weirdness & Mutations

You have very sharp teeth.
Your uncanny sense of smell can sniff out nearby items.
Your experience applies equally to all skills.


Message History

The Council accepts your kill.
You miss the kobold. The kobold closely misses you.
The kobold hits you with a +0 dagger.
You closely miss the kobold. The kobold barely misses you.
You closely miss the kobold. The kobold closely misses you.
You closely miss the kobold. You bite the kobold.
The kobold is moderately wounded.
The kobold misses you.
You hit the kobold but do no damage. The kobold hits you with a +0 dagger.
You hit the kobold.
The kobold is moderately wounded.
The kobold barely misses you.
You barely miss the kobold.
The kobold is moderately wounded.
The kobold barely misses you. The kobold misses you.
You hit the kobold but do no damage. Your bite misses the kobold.
The kobold is moderately wounded.
The kobold hits you with a +0 dagger.
You closely miss the kobold.
The kobold is moderately wounded.
The kobold barely misses you.
You hit the kobold.
You kill the kobold!
The Council accepts your kill.
You closely miss the kobold.
The kobold hits you with a +0 dagger of venom.
You are poisoned.
You barely miss the kobold.
You feel very sick. The kobold hits you but does no damage.
You are lethally poisoned!
The kobold closely misses you.
You hit the kobold but do no damage.
* * * LOW HITPOINT WARNING * * *
You feel very sick.
The kobold hits you with a +0 dagger of venom.
* * * LOW HITPOINT WARNING * * *
You are more poisoned.
You closely miss the kobold.
You die...

#..# #.# #####
#..###.#####...#
#.##..............#
..........#####...#
.###...### ##.##
#.....# #.#
#.###...## #.#
#.....†## #.#
######@# #.# #K#
#.##### #'# #.....#
#...# #####.#
#.....# # #.#
#.......# ##. #.#
#)....?...#
##...##.##
+.........+
.......... ∆
#.........#
##...##.##


You could see a kobold.

Vanquished Creatures
  A dart slug (D:1)
  An endoplasm (D:1)
  2 giant cockroaches (D:1)
  A goblin (D:1)
  A hobgoblin (D:1)
  2 kobolds (D:1)
  A ball python (D:1)
  A bat (D:1)
  A rat (D:1)
11 creatures vanquished.

Notes
Turn   | Place    | Note
-------+----------+-------------------------------------------
     0 | D:1      | Kranky the Gnoll Wanderer began the quest for the Orb.
     0 | D:1      | Kranky set off with the following items: a +0 falchion, 10
                  | poisoned darts, a +0 dagger, a +0 robe; and the following
                  | spell memorised: Magic Dart; and the following spells
                  | available to memorise: Passwall, Searing Ray, Tukima's
                  | Dance
     0 | D:1      | Reached XP level 1. HP: 23/23 MP: 8/8
   323 | D:1      | Found a faded altar of an unknown god.
   327 | D:1      | Prayed at the altar of an unknown god.
   327 | D:1      | Became a worshipper of the Wu Jian Council
   327 | D:1      | Reached * piety under Wu Jian
   382 | D:1      | Reached XP level 2. HP: 22/29 MP: 10/10
   623 | D:1      | Succumbed to a kobold's poison

Illustrated notes

Levels and vault maps discovered:
D:1:      mainiacjoe_arrival_reflecting_pool, layout_loops_corners,
          shapermc_ecumenical_altar_petra, minmay_misc_feat_x

Action                   || total
-------------------------++-------
Melee: Falchion          ||    49
       Bite              ||     2
 Cast: Magic Dart        ||     7
Invok: Lunge             ||     2
       Whirlwind         ||     5
 Stab: Sleeping          ||     1
Armor: Robe              ||    11
Dodge: Dodged            ||    28
